 Dungeon Crawl Stone Soup version 0.24-b1 (webtiles) character file.

Game seed: 7770146069474306376, levelgen mode: deterministic

3254 Argons the Covert (level 10, -5/50 HPs)
             Began as a Kobold Wizard on Oct 12, 2019.
             Was a Follower of Vehumet.
             Slain by a hornet (15 damage)
             ... on level 8 of the Dungeon.
             The game lasted 00:58:24 (13302 turns).

Argons the Covert (Kobold Wizard)                  Turns: 13302, Time: 00:58:26

Health: -5/50      AC:  4    Str:  4    XL:     10   Next: 19%
Magic:  9/20       EV: 18    Int: 23    God:    Vehumet [*.....]
Gold:   419        SH:  0    Dex: 16    Spells: 12/23 levels left

rFire    . . .     SeeInvis .   (weapon restricted)
rCold    . . .     Gourm    .   (shield restricted)
rNeg     . . .     Faith    .   a - +0 robe
rPois    .         Spirit   .   i - +0 helmet
rElec    .         Reflect  .   (no cloak)
rCorr    .         Harm     .   l - +0 pair of gloves (curse)
MR       +....                  (no boots)
Stlth    +++++.....             (no amulet)
HPRegen  0.16/turn              k - ring of protection from magic
MPRegen  0.17/turn              v - +2 ring of dexterity

@: lethally poisoned (-5 -> -9), slowed, very slow
A: small, carnivore
a: Renounce Religion


You were on level 8 of the Dungeon.
You worshipped Vehumet.
Vehumet was aware of your devotion.
You were very full.

You visited 1 branch of the dungeon, and saw 9 of its levels.

You collected 419 gold pieces.

Inventory:

Missiles
 s - 17 poisoned darts (quivered)
Armour
 a - a +0 robe (worn)
 i - a +0 helmet (worn)
 l - a cursed +0 pair of gloves (worn)
Jewellery
 k - a ring of protection from magic (left hand)
 v - a +2 ring of dexterity (right hand)
Wands
 r - a wand of iceblast (18)
Scrolls
 b - 2 scrolls of random uselessness {unknown}
 c - 3 scrolls of magic mapping
 f - 4 scrolls of remove curse
 j - 3 scrolls of teleportation
 o - 5 scrolls of amnesia
 u - a scroll of fog
 w - a scroll of fear {unknown}
Potions
 e - 3 potions of curing
 g - a potion of cancellation
 h - 2 potions of resistance
 m - a potion of might
 n - 4 potions of lignification
 p - 2 potions of heal wounds
 q - 2 potions of degeneration {unknown}
 t - a potion of berserk rage {unknown}
 x - a potion of flight {unknown}
Comestibles
 d - 18 rations


   Skills:
 + Level 5.6 Dodging
 - Level 10.1 Stealth
 + Level 7.3 Spellcasting
 - Level 9.0 Conjurations
 - Level 1.0 Summonings
 - Level 1.0 Translocations


You had 12 spell levels left.
You knew the following spells:

 Your Spells              Type           Power        Failure   Level  Hunger
a - Magic Dart            Conj           ####         1%          1    None
b - Call Imp              Summ           ##......     8%          2    None
c - Blink                 Tloc           N/A          8%          2    None
d - Conjure Flame         Conj/Fire      ####....     3%          3    None
e - Mephitic Cloud        Conj/Pois/Air  ###.....     6%          3    None

Your spell library contained the following spells:

 Spells                   Type           Power        Failure   Level  Hunger
 Sandblast                Erth           #.....       8%          1    None
 Slow                     Hex            #.......     12%         2    None


Dungeon Overview and Level Annotations

Branches:
Dungeon (9/15)             Temple (0/1) D:6
   Lair: D:8-11         Orc: D:9-12

Altars:
Ashenzari
Cheibriados
Hepliaklqana
Kikubaaqudgha
Nemelex Xobeh
Qazlal
Ru
Vehumet


Innate Abilities, Weirdness & Mutations

You are small and have problems with some larger weapons.
You are carnivorous and can eat meat at any time.


Message History

Aim: a hornet (moderately wounded)
The magic dart hits the hornet.
The hornet is moderately wounded.
You feel sick. The hornet closely misses you. The hornet stings you.
* * * LOW HITPOINT WARNING * * *
You feel as though you will be slow longer.
Your crimson imp hits the hornet.
The hornet completely misses you.
Your crimson imp barely misses the hornet.
Casting: Magic Dart (safe; 1% risk of failure)
Confirm with . or Enter, or press ? or * to list all spells.
Aiming: Magic Dart (safe; 1% risk of failure)
Press: ? - help, Shift-Dir - straight line, f/p - hornet
Aim: a hornet (heavily wounded)
The magic dart hits the hornet but does no damage.
The hornet is heavily wounded.
You feel sick.
The hornet stings you but does no damage.
Your crimson imp closely misses the hornet.
The hornet stings you!
You die...

..# #.# ######## ##.##
#....... ##...## #.....>.
##.....## #.......
###.......### #.......
#.(..._.....####.......
##.#.......#............
#..##..@..##............
.##...##.y.##.......######
.....[.....##5##........'.....
...................<....######
.....##.........####'#### #
..).. #.........# ##..### #
.♣## #.........# #....[# #
#.........# #.....######
#.........# #...........


You could see a hornet and a friendly crimson imp.

Vanquished Creatures
  A two-headed ogre (D:8)
  Menkaure (D:5)
  A hungry ghost (D:8)
  2 sky beasts
  A phantom (D:6)
  8 ogres
  2 centaurs
  A big kobold (D:8)
  A bullfrog (D:7)
  4 scorpions
  4 killer bees
  A howler monkey (D:5)
  2 crimson imps
  A quasit (D:6)
  2 hounds (D:4)
  A jelly (D:5)
  2 bullfrog skeletons
  2 orc wizards
  4 worker ants
  A killer bee zombie (D:9)
  A worker ant zombie (D:6)
  3 gnolls (D:4)
  9 adders
  An ooze (D:5)
  4 worms
  2 dart slugs (D:1)
  3 leopard geckos
  22 orcs
  2 ball pythons
  2 bats (D:2)
  7 giant cockroaches
  10 goblins
  9 hobgoblins
  12 jackals
  2 quokkas
  A ball python skeleton (D:4)
  7 frilled lizards
  12 kobolds
  A leopard gecko skeleton (D:4)
  2 rats
154 creatures vanquished.

Vanquished Creatures (collateral kills)
  An iguana (D:3)
1 creature vanquished.

Vanquished Creatures (others)
  Pikel (D:6)
  4 slaves (D:6)
  A centaur (D:6)
  An orc priest (D:6)
  An orc wizard (D:6)
  3 orcs (D:6)
  2 quokkas (D:6)
13 creatures vanquished.

Grand Total: 168 creatures vanquished

Notes
Turn   | Place    | Note
-------+----------+-------------------------------------------
     0 | D:1      | Argons the Kobold Wizard began the quest for the Orb.
     0 | D:1      | Reached XP level 1. HP: 10/10 MP: 4/4
   303 | D:1      | Reached skill level 3 in Stealth
   514 | D:1      | Reached XP level 2. HP: 15/15 MP: 4/6
   518 | D:1      | Learned a level 2 spell: Call Imp
   521 | D:1      | Learned a level 2 spell: Blink
  1333 | D:2      | Reached XP level 3. HP: 19/19 MP: 1/7
  1486 | D:2      | Reached skill level 4 in Stealth
  2321 | D:2      | Reached XP level 4. HP: 24/24 MP: 4/8
  2329 | D:2      | Learned a level 3 spell: Conjure Flame
  2550 | D:2      | Found a sacrificial altar of Ru.
  2892 | D:2      | Found a shattered altar of Ashenzari.
  2973 | D:3      | Reached skill level 5 in Stealth
  3190 | D:3      | Reached XP level 5. HP: 28/28 MP: 4/9
  3260 | D:3      | Found a hazy altar of Hepliaklqana.
  4291 | D:4      | Noticed an ogre
  4493 | D:4      | Noticed an ogre
  4595 | D:4      | Noticed an ogre
  5068 | D:3      | Reached XP level 6. HP: 32/32 MP: 0/10
  5296 | D:4      | Killed an ogre
  5517 | D:4      | Found an ancient bone altar of Kikubaaqudgha.
  5664 | D:4      | Noticed a fire elemental
  5681 | D:4      | Found a stormy altar of Qazlal.
  5682 | D:4      | Noticed a water elemental
  5682 | D:4      | Noticed an air elemental
  5739 | D:4      | Noticed an ogre
  6162 | D:5      | Entered Level 5 of the Dungeon
  6267 | D:5      | Found a sparkling altar of Nemelex Xobeh.
  6302 | D:5      | Noticed an ogre
  6328 | D:5      | Noticed an ogre
  6682 | D:4      | Killed an ogre
  6682 | D:4      | Reached skill level 5 in Dodging
  6682 | D:4      | Reached skill level 5 in Conjurations
  6682 | D:4      | Reached XP level 7. HP: 36/36 MP: 1/11
  7495 | D:5      | Reached skill level 5 in Spellcasting
  7495 | D:5      | Reached XP level 8. HP: 41/41 MP: 7/16
  7562 | D:5      | Noticed Menkaure
  7742 | D:5      | Found a radiant altar of Vehumet.
  7747 | D:5      | Became a worshipper of Vehumet
  7808 | D:6      | Found a staircase to the Ecumenical Temple.
  7810 | D:6      | Killed Pikel
  8806 | D:5      | Killed Menkaure
  9766 | D:6      | Reached XP level 9. HP: 45/45 MP: 6/19
  9986 | D:6      | Reached skill level 6 in Stealth
 10676 | D:6      | HP: 1/45 [worker ant (5)]
 10977 | D:6      | Reached skill level 7 in Stealth
 11252 | D:7      | Learned a level 3 spell: Mephitic Cloud
 11295 | D:8      | Noticed a hornet
 11729 | D:8      | Found a sparkling altar of Nemelex Xobeh.
 11795 | D:8      | Reached skill level 8 in Stealth
 12211 | D:8      | Noticed a two-headed ogre
 12247 | D:8      | Reached * piety under Vehumet
 12247 | D:8      | Offered knowledge of Sandblast by Vehumet.
 12532 | D:8      | Killed a two-headed ogre
 12532 | D:8      | Reached skill level 10 in Stealth
 12532 | D:8      | Reached XP level 10. HP: 50/50 MP: 0/20
 12703 | D:8      | Found a snail-covered altar of Cheibriados.
 13297 | D:8      | Paralysed by a hornet for 3 turns
 13302 | D:8      | Slain by a hornet

Skill      XL: |  1  2  3  4  5  6  7  8  9 |
---------------+----------------------------+-----
Stealth        | 3 4 5 10 | 10.1
Conjurations   | 2 3 5 6 9 |  9.0
Dodging        | 3 5 |  5.6
Spellcasting   | 5 7 |  7.3
Summonings     | |  1.0
Translocations | |  1.0

Action                   |  1- 3 |  4- 6 |  7- 9 | 10-12 || total
-------------------------+-------+-------+-------+-------++-------
Melee: Unarmed           |     6 |    27 |     2 |     1 ||    36
Throw: Dart              |       |       |     1 |       ||     1
 Cast: Magic Dart        |   104 |   205 |   342 |    48 ||   699
       Call Imp          |     2 |     2 |       |     1 ||     5
       Conjure Flame     |       |     7 |    12 |     2 ||    21
  Use: Scroll            |     3 |     6 |     5 |     1 ||    15
       Potion            |       |       |     1 |       ||     1
 Stab: Sleeping          |       |       |     1 |       ||     1
  Eat: Chunk             |    13 |    13 |    18 |       ||    44
Armor: Robe              |     9 |     9 |     9 |     7 ||    34
Dodge: Dodged            |    28 |    55 |    83 |    24 ||   190
